 Dungeon Crawl Stone Soup version 0.21.0-25-ge575cb9ce8 (webtiles) character file.

2192 Andry07 the Fighter (level 9, -8/62 HPs)
             Began as a Gargoyle Fighter on Jan 23, 2018.
             Was a Priest of Okawaru.
             Mangled by an orc warrior
             ... wielding a cursed -1 short sword
              (14 damage)
             ... on level 5 of the Dungeon.
             The game lasted 00:10:19 (6047 turns).

Andry07 the Fighter (Gargoyle Fighter)              Turns: 6047, Time: 00:10:20

Health: -8/62      AC: 14    Str: 23    XL:     9   Next: 33%
Magic:  3/3        EV:  7    Int:  9    God:    Okawaru [***...]
Gold:   82         SH:  9    Dex:  9    Spells: 8/8 levels left

rFire    . . .     SeeInvis .   o - +5 mace of the Abyss {antimagic, rPois}
rCold    . . .     Gourm    .   c - +0 shield
rNeg     + . .     Faith    .   b - +0 scale mail
rPois    ∞         Spirit   .   (no helmet)
rElec    +         Reflect  .   (no cloak)
rCorr    .         Harm     .   (no gloves)
MR       .....                  (no boots)
Stlth    ..........             (no amulet)
HPRegen  0.20/turn              (no ring)
MPRegen  0.08/turn              (no ring)

@: no status effects
A: negative energy resistance 1, electricity resistance, unbreathing,
petrification resistance, rot immunity, AC +6
a: Heroism, Renounce Religion


You were on level 5 of the Dungeon.
You worshipped Okawaru.
Okawaru was most pleased with you.
You were very hungry.

You visited 2 branches of the dungeon, and saw 7 of its levels.

You collected 212 gold pieces.
You spent 130 gold pieces at shops.

Inventory:

Hand Weapons
 a - a +0 flail
 o - the +5 mace of the Abyss (weapon) {antimagic, rPois}
   (You found it on level 4 of the Dungeon)

   It reduces the magical energy of the wielder, and disrupts the spells and
   magical abilities of those hit.
   Natural abilities and divine invocations are not affected.
   It protects you from poison.
Missiles
 w - 4 silver tomahawks (quivered)
Armour
 b - a +0 scale mail (worn)
 c - a +0 shield (worn)
 r - a +0 plate armour
Jewellery
 g - an uncursed ring of positive energy {unknown}
 j - an uncursed ring of positive energy {unknown}
 m - a cursed amulet of inaccuracy {unknown}
 n - a +6 ring of dexterity {unknown}
 p - an uncursed ring of poison resistance {unknown}
 x - an uncursed ring of flight {unknown}
Wands
 l - a wand of polymorph (8)
Scrolls
 e - 4 scrolls of teleportation
 h - 3 scrolls of identify
 i - 2 scrolls of enchant weapon
 k - a scroll of blinking
 s - 2 scrolls of remove curse {unknown}
 y - 2 scrolls of enchant armour {unknown}
Potions
 d - a potion of might
 q - 2 potions of cancellation {unknown}
 t - a potion of magic {unknown}
 u - 2 potions of curing
 v - 3 potions of heal wounds
 z - a potion of brilliance {unknown}
Comestibles
 f - 6 rations


   Skills:
 - Level 10.1 Fighting
 - Level 2.0 Maces & Flails
 + Level 9.1 Armour
 - Level 3.2 Shields
 + Level 3.2 Invocations


You had 8 spell levels left.
You didn't know any spells.

Dungeon Overview and Level Annotations

Branches:
Dungeon (6/15)             Temple (1/1) D:5

Altars:
Ashenzari
Cheibriados
Dithmenos
Elyvilon
Fedhas
Gozag
Hepliaklqana
Kikubaaqudgha
Nemelex Xobeh
Okawaru
Qazlal
Ru
Sif Muna
Trog
Uskayaw
Vehumet
Wu Jian
Xom
Yredelemnul
Zin
The Shining One

Shops:
D:5 !

Annotations:
D:6 krabocopter's ghost, novice GnWn


Innate Abilities, Weirdness & Mutations

You are resistant to torment.
Your stone body is resilient. (AC +6)
You are immune to poison.
You resist negative energy. (rN+)
You are resistant to electric shocks. (rElec)
You can survive without breathing.
You are immune to petrification.
You are immune to rotting.


Message History

The orc warrior is severely wounded.
You block the orc warrior's attack.
The orc warrior hits you with an enchanted short sword.
* * * LOW HITPOINT WARNING * * *
You hit the orc warrior but do no damage.
The orc warrior is severely wounded.
The orc warrior hits you with an enchanted short sword.
* * * LOW HITPOINT WARNING * * *
You hit the orc warrior.
The orc warrior is almost dead.
You block the orc warrior's attack.
You hit the orc warrior but do no damage.
The orc warrior is almost dead.
The orc warrior hits you with an enchanted short sword!
* * * LOW HITPOINT WARNING * * *
The orc warrior hits you but does no damage.
You barely miss the orc warrior.
The orc warrior is almost dead.
The orc warrior hits you with an enchanted short sword!
You die...

.................................
....................####........#
..................### #.......##
.................## #......##
............###..# ##..[..##
............##..## ###......#
......##........## ##........#
#....###..#####o.###...#.....##
#...## #..# ##@.#..###o.....###
....# ##.# #....## #...##...#
#...# #.# ###.....# ##..###...
##..# ##.####....^..####..# ##..
#...####...................###...
......##....................#...#
..##..........................###
#####.....................#..## #
##......................#..#


You could see an orc warrior.

Vanquished Creatures
  Pikel (D:6)
  Grinder (D:5)
  An ice beast (D:5)
  An orc warrior (D:6)
  A sky beast (D:5)
  An ogre (D:4)
  A centaur (D:5)
  2 bullfrogs (D:6)
  3 scorpions
  A howler monkey (D:6)
  A crimson imp (D:3)
  4 hounds
  2 bullfrog skeletons
  An orc priest (D:6)
  6 orc wizards
  A gnoll shaman (D:5)
  3 worker ants (D:4)
  A hound zombie (D:5)
  9 gnolls
  4 adders
  2 shadow imps
  An adder skeleton (D:5)
  3 worms
  A dart slug (D:1)
  3 leopard geckos
  15 orcs
  8 bats
  5 giant cockroaches
  2 goblins
  7 hobgoblins
  11 jackals
  A quokka (D:3)
  2 ball pythons
  5 frilled lizards
  A giant cockroach zombie (D:5)
  A jackal zombie (D:5)
  A kobold (D:3)
  7 rats
121 creatures vanquished.

Vanquished Creatures (others)
  A slave (D:6)
  7 bushes (D:6)
8 creatures vanquished.

Grand Total: 129 creatures vanquished

Notes
Turn   | Place    | Note
-------+----------+-------------------------------------------
     0 | D:1      | Andry07 the Gargoyle Fighter began the quest for the Orb.
     0 | D:1      | Reached XP level 1. HP: 14/14 MP: 1/1
   166 | D:1      | Reached XP level 2. HP: 20/20 MP: 2/2
   254 | D:1      | Reached skill level 4 in Fighting
   620 | D:2      | Reached XP level 3. HP: 20/24 MP: 3/3
   742 | D:2      | Reached skill level 5 in Fighting
   782 | D:2      | Found an iron altar of Okawaru.
   794 | D:2      | Became a worshipper of Warmaster Okawaru
   995 | D:2      | Reached XP level 4. HP: 31/31 MP: 4/4
  1005 | D:2      | Found a shimmering altar of Xom.
  1570 | D:3      | Reached skill level 6 in Fighting
  1606 | D:3      | Found a glowing golden altar of the Shining One.
  1636 | D:3      | Reached XP level 5. HP: 23/36 MP: 5/5
  1670 | D:3      | Found a shadowy altar of Dithmenos.
  2070 | D:4      | Reached skill level 7 in Fighting
  2250 | D:4      | Reached XP level 6. HP: 44/44 MP: 6/6
  2314 | D:4      | Reached * piety under Okawaru
  2318 | D:4      | Got a jewelled mace
  2319 | D:4      | Identified the +5 mace of the Abyss {antimagic, rPois} (You found it on level 4 of the Dungeon)
  2474 | D:5      | Entered Level 5 of the Dungeon
  2645 | D:5      | Reached skill level 8 in Fighting
  2833 | D:4      | Reached XP level 7. HP: 49/50 MP: 2/7
  3288 | D:4      | Reached skill level 9 in Fighting
  3675 | D:5      | Reached ** piety under Okawaru
  3736 | D:5      | Reached skill level 10 in Fighting
  3736 | D:5      | Reached XP level 8. HP: 39/57 MP: 2/8
  4065 | D:5      | Found Jedischa's Distillery.
  4070 | D:5      | Bought 2 potions of heal wounds for 100 gold pieces
  4070 | D:5      | Bought a potion of curing for 30 gold pieces
  4098 | D:5      | Found a staircase to the Ecumenical Temple.
  4123 | Temple   | Entered the Ecumenical Temple
  4276 | D:5      | Noticed Grinder
  4281 | D:5      | Reached skill level 5 in Armour
  4282 | D:5      | Paralysed by Grinder for 5 turns
  4296 | D:5      | Paralysed by Grinder for 3 turns
  4307 | D:5      | Killed Grinder
  5077 | D:6      | Found a basalt altar of Yredelemnul.
  5078 | D:6      | Found a sacrificial altar of Ru.
  5081 | D:6      | Found a shattered altar of Ashenzari.
  5136 | D:6      | Reached *** piety under Okawaru
  5149 | D:6      | Noticed krabocopter's ghost (novice GnWn)
  5591 | D:6      | Reached XP level 9. HP: 61/62 MP: 3/9
  5634 | D:6      | Noticed Pikel
  5670 | D:6      | Killed Pikel
  6047 | D:5      | Mangled by an orc warrior

Skill      XL: |  1  2  3  4  5  6  7  8  9 |
---------------+----------------------------+-----
Fighting       | 4 5 6 7 8 10 | 10.1
Armour         | 8 9 |  9.1
Invocations    | 3 |  3.2
Maces & Flails | |  2.0
Shields        | |  3.2

Action                   |  1- 3 |  4- 6 |  7- 9 || total
-------------------------+-------+-------+-------++-------
Melee: Flail             |   111 |   229 |       ||   340
       Mace              |       |    38 |   263 ||   301
  Use: Scroll            |       |     3 |       ||     3
  Eat: Chunk             |       |     7 |     3 ||    10
       Ration            |       |       |     2 ||     2
Armor: Scale mail        |    64 |   152 |   153 ||   369
Dodge: Dodged            |    49 |    97 |    53 ||   199
Block: Shield            |    72 |   147 |   120 ||   339
